Map: Apotheosis LE

Players

Rail

  • Race: Protoss Protoss

FeaR - Winner!

  • Race: Protoss Protoss
  • League: Master

Event: DreamHack ZOWIE Open Valencia 2016

VOD

Have the link to the VOD?

Description

Time

  • Played on: July 14, 2016, 10:25 a.m.
  • Length: 10:49

All games in this series

Show
View Real Time Build Order
Export as new Build Order

Rail Protoss 

Build Orders: Zealot Archon 

Get SALT Encoding   

  12  0:01  Probe (Chrono Boost)  
  13  0:11  Probe (Chrono Boost)  
  14  0:18  Pylon  
  14  0:22  Probe (Chrono Boost)  
  15  0:36  Probe (Chrono Boost)  
  15  0:37  Gateway  
  16  0:47  Probe (Chrono Boost)  
  16  0:49  Assimilator  
  17  0:53  Assimilator  
  17  0:57  Probe (Chrono Boost)  
  18  1:04  Gateway  
  18  1:08  Probe (Chrono Boost)  
  20  1:18  Probe (Chrono Boost)  
  20  1:24  Cybernetics Core  
  20  1:28  Pylon  
  20  1:31  Probe (Chrono Boost)  
  21  1:41  Probe (Chrono Boost)  
  22  1:52  Probe (Chrono Boost)  
  23  2:00  Pylon  
  23  2:02  Stalker  
  23  2:03  Mothership Core (Chrono Boost)  
  23  2:04  Warp Gate  
  27  2:08  Stalker  
  29  2:21  Probe (Chrono Boost)  
  30  2:29  Robotics Facility  
  30  2:32  Probe (Chrono Boost)  
  31  2:41  Stalker  
  33  2:47  Stalker  
  34  3:13  Nexus  
  34  3:18  Probe (Chrono Boost)  
  35  3:26  Immortal  
  39  3:40  Pylon  
  39  3:51  Pylon  
  39  3:59  Probe (Chrono Boost)  
  40  4:03  Warp Prism  
  40  4:09  Sentry x2  
  46  4:10  Probe (Chrono Boost)  
  47  4:21  Probe (Chrono Boost)  
  48  4:25  Probe (Chrono Boost)  
  49  4:31  Probe (Chrono Boost)  
  49  4:32  Twilight Council  
  49  4:35  Probe (Chrono Boost)  
  51  4:40  Observer, Adept  
  51  4:42  Probe (Chrono Boost)  
  51  4:45  Adept  
  57  4:46  Probe (Chrono Boost)  
  59  4:52  Probe (Chrono Boost)  
  59  4:56  Probe (Chrono Boost)  
  60  5:01  Pylon  
  60  5:03  Probe (Chrono Boost)  
  60  5:04  Assimilator  
  60  5:05  Assimilator  
  62  5:07  Probe (Chrono Boost)  
  62  5:14  Immortal  
  62  5:16  Probe (Chrono Boost)  
  62  5:18  Probe (Chrono Boost)  
  62  5:21  Charge  
  68  5:27  Probe (Chrono Boost)  
  70  5:28  Probe (Chrono Boost)  
  70  5:32  Adept  
  72  5:37  Probe (Chrono Boost)  
  72  5:39  Probe (Chrono Boost)  
  74  5:48  Probe (Chrono Boost)  
  74  5:49  Probe (Chrono Boost)  
  76  5:56  Pylon  
  76  5:58  Pylon  
  76  6:07  Gateway  
  76  6:10  Gateway, Immortal  
  76  6:17  Gateway x2  
  80  6:24  Zealot x2  
  84  6:31  Templar Archives  
  84  6:33  Pylon  
  84  6:44  Gateway x2  
  84  6:47  Zealot  
  84  6:49  Zealot  
  92  7:10  Pylon, High Templar x2  
  92  7:11  High Templar x2  
  92  7:12  Pylon  
  92  7:15  Pylon, Archon x2  
  100  7:20  Zealot  
  102  7:35  Observer  
  98  7:37  Nexus  
  98  7:38  High Templar  
  98  7:41  Zealot, High Templar  
  98  7:42  Zealot  
  98  7:43  Zealot x3  
  113  7:46  Archon  
  113  7:47  Stalker  
  115  7:56  Pylon  
  115  8:12  Stalker, Zealot x2  
  113  8:13  Stalker, Sentry  
  113  8:18  Stalker, Sentry  
  113  8:19  Stalker  
  125  8:33  Zealot x2  
  123  8:37  Stalker, Sentry, Zealot  
  119  8:50  Sentry  
  119  8:53  Immortal  
  119  8:54  Sentry  
  113  8:56  Zealot x2  
  113  8:57  Zealot  
  100  9:10  Zealot x2  
  64  9:24  Zealot x2, High Templar  
  64  9:27  Immortal  
  64  9:30  Zealot x2  
  74  9:36  Pylon  
  74  9:37  Zealot x2, High Templar  
  74  9:38  Pylon  
  82  9:42  Archon  
  82  9:46  Sentry  
  82  9:47  Zealot  
  86  9:53  Probe (Chrono Boost)  
  86  9:55  Probe x2 (Chrono Boost)  
  89  10:01  Immortal  
  89  10:02  Robotics Facility  
  95  10:07  Probe (Chrono Boost)  
  95  10:08  Probe (Chrono Boost)  
  95  10:09  Probe (Chrono Boost), Assimilator  
  95  10:10  Assimilator  
  96  10:16  Forge  
  96  10:20  Probe (Chrono Boost)  
  97  10:24  Zealot x2  
  97  10:27  High Templar  
  102  10:31  Zealot x3  
  102  10:32  High Templar  
  104  10:38  Archon  
  104  10:40  Stalker  
Show
View Real Time Build Order
Export as new Build Order

FeaR Protoss - Winner!

Build Orders:  

Get SALT Encoding   

  12  0:01  Probe (Chrono Boost)  
  13  0:11  Probe (Chrono Boost)  
  14  0:17  Pylon  
  14  0:22  Probe (Chrono Boost)  
  16  0:35  Probe (Chrono Boost)  
  16  0:37  Gateway  
  16  0:46  Probe (Chrono Boost)  
  16  0:47  Assimilator  
  17  0:52  Assimilator  
  17  0:56  Probe (Chrono Boost)  
  18  1:07  Probe (Chrono Boost)  
  18  1:09  Gateway  
  19  1:17  Probe (Chrono Boost)  
  20  1:23  Cybernetics Core  
  20  1:28  Probe (Chrono Boost)  
  21  1:34  Pylon  
  21  1:39  Probe (Chrono Boost)  
  22  1:48  Warp Gate  
  22  1:49  Probe (Chrono Boost)  
  23  2:01  Stalker x2  
  27  2:12  Mothership Core (Chrono Boost)  
  29  2:16  Pylon  
  29  2:32  Probe (Chrono Boost)  
  29  2:34  Stalker  
  29  2:35  Stalker  
  34  2:55  Probe (Chrono Boost)  
  35  3:07  Nexus  
  35  3:12  Pylon  
  35  3:15  Sentry  
  38  3:20  Probe (Chrono Boost)  
  38  3:31  Probe (Chrono Boost)  
  39  3:34  Robotics Facility  
  41  3:42  Probe (Chrono Boost)  
  40  3:52  Probe (Chrono Boost)  
  40  3:53  Sentry  
  43  3:59  Stalker  
  45  4:02  Twilight Council  
  45  4:04  Probe (Chrono Boost)  
  47  4:17  Probe (Chrono Boost)  
  47  4:19  Probe (Chrono Boost)  
  47  4:21  Observer  
  49  4:25  Blink  
  49  4:28  Probe (Chrono Boost)  
  49  4:30  Stalker, Probe (Chrono Boost)  
  53  4:35  Pylon  
  54  4:40  Probe (Chrono Boost)  
  54  4:43  Probe (Chrono Boost)  
  55  4:52  Probe (Chrono Boost)  
  56  4:53  Probe (Chrono Boost)  
  56  4:59  Immortal  
  60  5:03  Assimilator  
  60  5:04  Probe x2 (Chrono Boost)  
  60  5:06  Assimilator  
  62  5:14  Probe (Chrono Boost)  
  62  5:16  Probe (Chrono Boost)  
  64  5:25  Nexus  
  64  5:26  Probe (Chrono Boost)  
  64  5:27  Sentry  
  68  5:35  Probe (Chrono Boost)  
  68  5:36  Observer  
  68  5:38  Probe (Chrono Boost)  
  68  5:39  Pylon  
  70  5:47  Stalker  
  68  5:54  Stalker  
  70  5:59  Gateway  
  70  6:00  Immortal  
  70  6:01  Gateway  
  70  6:10  Sentry  
  76  6:18  Gateway  
  76  6:19  Gateway  
  76  6:23  Stalker  
  78  6:27  Pylon  
  78  6:28  Pylon  
  78  6:34  Warp Prism  
  78  6:38  Stalker  
  82  6:56  Stalker  
  82  6:57  Stalker  
  86  7:05  Stalker x2, Immortal  
  86  7:07  Pylon  
  93  7:16  Stalker x2  
  97  7:26  Templar Archives  
  97  7:28  Pylon  
  97  7:30  Pylon  
  97  7:35  Adept x2  
  97  7:36  Adept  
  103  7:39  Adept  
  105  7:48  Immortal  
  109  8:03  High Templar  
  109  8:04  High Templar  
  113  8:09  Archon  
  113  8:12  Adept x2  
  115  8:22  Adept x2, Immortal  
  119  8:33  Adept x2  
  116  8:37  Adept x2  
  109  8:55  Stalker x2  
  109  8:56  Stalker x2  
  105  9:09  Immortal  
  95  9:13  Adept x2  
  89  9:22  Stalker x2  
  85  9:26  Probe (Chrono Boost)  
  87  9:38  Sentry  
  88  9:48  High Templar x2  
  92  9:53  Archon  
  92  9:54  Pylon  
  92  9:58  Adept x2  
  92  9:59  Adept  
  98  10:02  Gateway  
  98  10:03  Adept  
  100  10:19  Adept x2  
  100  10:20  Adept x2  
  108  10:23  Pylon  
  108  10:25  Pylon  
  104  10:36  Adept x2  

Tags
 
Add a new tag
Caveats
  • Supply blocks, unpowered buildings, or Contaminate may cause inaccurate times.
  • Supply counts are checked every 10 seconds.